cohdb
Replays
Latest Replays
All Replays
Popular Replays
Top Player Replays
Match Explorer
How It Works
Community
CoH3 Stats
Reddit
Sign in to upload your games and track your stats! →
Sign in with Steam
Match 43253238
Unlisted
Match 43253238
Overview
Messages
Build Orders
End
Pioneer Squad
Construct Infanterie Kompanie
MG 42 Machine Gun Team
Selects Luftwaffe Battlegroup
Grenadier Squad
Grenadier Squad
Construct Luftwaffe Kompanie
Jäger Squad
Infanterie Officer Quarters
Medical Station
Construct Panzer Kompanie
Selects Stuka Strafing Run
Selects Fallschirmjäger Squad Paradrop
Stuka Strafing Run
Luftwaffe Officer Quarters
Sturmpanzer IV Brummbär
Panzer Officer Quarters
Pioneer Squad
Side Skirts
Repair Bunker
Selects Stuka Loiter
Stuka Loiter
Mee Mee Cute
Gwangju's Hero Chun Doo-gwang
Anti-Something Squad
freedman1984
realnoob
377480068
Hello
BAEK
0
0
Comments
sign in to comment!
No comments posted yet!